 Dungeon Crawl Stone Soup version 0.31-a0-202-g547052bce9 (webtiles) character file.

Game seed: 7741019502385556767

346 qw the Skirmisher (level 6, 0/36 HPs)
             Began as a Deep Elf Hunter on June 26, 2023.
             Succumbed to a scorpion's poison
             ... in an ossuary.
             The game lasted 00:00:45 (2264 turns).

qw the Skirmisher (Deep Elf Hunter)                 Turns: 2264, Time: 00:00:45

Health: 0/36       AC:  5    Str: 10    XL:     6   Next: 32%
Magic:  8/8        EV: 11    Int: 14    God:
Gold:   26         SH:  0    Dex: 18    Spells: 5/5 levels left

rFire   . . .        Y - +1 orcbow (freeze)
rCold   . . .        (shield currently unavailable)
rNeg    . . .        e - +0 ring mail
rPois   .            (no helmet)
rElec   .            (no cloak)
rCorr   .            (no gloves)
SInv    .            (no boots)
Will    .....        (no amulet)
Stlth   +            (no ring)
HPRegen 0.26/turn    (no ring)
MPRegen 0.11/turn

%: no passive effects
@: lethally poisoned (0 -> -2)
A: no striking features
a: no special abilities


You were in an ossuary.
You visited 1 branch of the dungeon, and saw 4 of its levels.
You also visited: Ossuary.

You collected 128 gold pieces.
You spent 102 gold pieces at shops.


   Skills:
 - Level 2.3 Fighting
 + Level 9.7 Ranged Weapons
 - Level 2.4 Dodging
 - Level 1.2 Stealth


You had 5 spell levels left.
You didn't know any spells.
Your spell library was empty.

Inventory:

Hand Weapons
 Y - a +1 orcbow of freezing (weapon)
Armour
 e - a +0 ring mail (worn)
Scrolls
 a - a scroll of identify
Potions
 d - a potion of mutation {unknown}
 h - a potion of invisibility {unknown}
 j - a potion of enlightenment {unknown}

Dungeon Overview and Level Annotations

Branches:
Dungeon (4/15)            Ossuary (1/1)
 Temple: D:4-7

Altars:
Fedhas
Qazlal

Shops:
D:2 *


Message History

You destroy the hobgoblin zombie!
You start resting.
HP restored.
There is an open door here.
You open the door.
Found a potion of lignification.
There is an open door here.
As you open the door, it creaks loudly!
There is an open door here.
An orc zombie comes into view.
The orc zombie moves out of view.
A scorpion comes into view.
You shoot an arrow. The arrow closely misses the scorpion.
The scorpion stings you!
You are poisoned.
The scorpion poisons you! The scorpion stings you.
You are more poisoned.
The scorpion poisons you!
You shoot an arrow. The arrow barely misses the scorpion.
You feel very sick. The scorpion stings you.
You shoot an arrow. The arrow hits the scorpion!
The arrow freezes the scorpion.
The scorpion is severely wounded.
You feel very sick. The scorpion closely misses you.
You shoot an arrow. The arrow closely misses the scorpion.
You feel very sick. The scorpion stings you. The scorpion closely misses you.
You shoot an arrow. The arrow hits the scorpion!
The arrow freezes the scorpion.
You kill the scorpion!
You feel sick.
You shoot an arrow. The arrow hits the orc zombie.
The orc zombie is heavily damaged.
You feel sick.
The orc zombie hits you but does no damage.
You shoot an arrow. The arrow hits the orc zombie!
You destroy the orc zombie!
You feel sick.
There is a lethal amount of poison in your body!
You die...

#.......#...#...#...#
##8...8##############
#.......#...#?!.#
#...8...'...#?.!+
#...#...#...#M!?#
##########'#######+##
#.....# ....#
#.....#.....#
#....@8.....#
#...........#
#...........#
###8.....8###
..........
...........#
#.....8.....#
+.....#.....#


There were no monsters in sight!

Vanquished Creatures
  3 scorpions (Ossuary)
  2 centaur zombies (Ossuary)
  2 scorpion zombies (Ossuary)
  2 adders
  A worm (D:2)
  4 endoplasms
  A giant cockroach (D:1)
  4 goblins
  5 hobgoblins
  3 jackals (D:1)
  2 kobolds
  A quokka (D:1)
  6 ball pythons
  2 bats
  2 frilled lizards
  A gnoll zombie (Ossuary)
  2 goblin zombies (D:4)
  A hobgoblin zombie (Ossuary)
  An orc zombie (Ossuary)
  2 rats
  A butterfly (D:2)
48 creatures vanquished.

Notes
Turn   | Place    | Note
-------+----------+-------------------------------------------
     0 | D:1      | qw the Deep Elf Hunter began the quest for the Orb.
     0 | D:1      | Reached XP level 1. HP: 12/12 MP: 3/3
     0 | D:1      | 0 ||| qw: Version: 0.3-a-22-g0ed2b0b
     0 | D:1      | 0 ||| qw: Game counter: 5918
     0 | D:1      | 0 ||| qw: Melee chars always use a shield: true
     0 | D:1      | 0 ||| qw: God list: Okawaru
     0 | D:1      | 0 ||| qw: Allow faded altars: false
     0 | D:1      | 0 ||| qw: Do Orc after clearing Dungeon:15 true
     0 | D:1      | 0 ||| qw: Do second Lair branch before Depths: true
     0 | D:1      | 0 ||| qw: Lair rune preference: random
     0 | D:1      | 0 ||| qw: Goals: Normal
     0 | D:1      | 0 ||| PLANNING D:1-11
   175 | D:1      | Reached skill level 6 in Ranged Weapons
   175 | D:1      | Reached XP level 2. HP: 16/16 MP: 4/4
   721 | D:1      | 721 ||| UPGRADING to +0 ring mail.
   731 | D:1      | 731 ||| DROPPING +0 leather armour.
   732 | D:1      | 732 ||| READING scroll labelled ICRICS XIAGUYXT.
   733 | D:1      | 733 ||| READING scroll labelled ZEQOABB TOUBRY.
   736 | D:1      | 736 ||| DRINKING 2 yellow potions.
   737 | D:1      | 737 ||| DROPPING scroll of butterflies.
   738 | D:1      | 738 ||| DROPPING potion of brilliance.
   818 | D:2      | Identified the +1 quarterstaff "Beetlebane" {freeze, rC+
                  | Int+2 Stlth-}
   972 | D:2      | Reached XP level 3. HP: 19/20 MP: 5/5
  1105 | D:2      | Found Iramamu's Assorted Antiques.
  1108 | D:2      | 1108 ||| BUYING 2 scrolls labelled ACOYMEZ CISHRY (34
                  | gold).
  1108 | D:2      | Bought 2 scrolls labelled ACOYMEZ CISHRY for 34 gold pieces
  1108 | D:2      | 1108 ||| BUYING long bone wand (68 gold).
  1108 | D:2      | Bought a long bone wand for 68 gold pieces
  1108 | D:2      | 1108 ||| SHOPLISTING scroll labelled ACOYMEZ CISHRY (17
                  | gold, have 12).
  1108 | D:2      | 1108 ||| SHOPLISTING scroll labelled BONLES ROSSE (17 gold,
                  | have 12).
  1108 | D:2      | 1108 ||| SHOPLISTING scroll labelled NOGHARGHIA (17 gold,
                  | have 12).
  1480 | D:2      | 1480 ||| READING scroll labelled LOASTE XOEXZAI.
  1480 | D:2      | Identified a scroll of acquirement
  1480 | D:2      | 1480 ||| ACQUIRING +1 orcbow of freezing
  1480 | D:2      | Acquired a +1 orcbow of freezing
  1482 | D:2      | 1482 ||| SWAPPING to +1 orcbow of freezing.
  1483 | D:2      | 1483 ||| DROPPING +0 shortbow.
  1484 | D:2      | 1484 ||| READING 2 scrolls labelled ACOYMEZ CISHRY.
  1485 | D:2      | 1485 ||| DRINKING 2 glowing orange potions.
  1486 | D:2      | 1486 ||| DROPPING wand of iceblast (6).
  1549 | D:3      | Reached skill level 7 in Ranged Weapons
  1643 | D:3      | Found a stormy altar of Qazlal.
  1734 | D:3      | Found a blossoming altar of Fedhas.
  1942 | D:3      | 1942 ||| DROPPING ring of wizardry.
  1943 | D:3      | 1943 ||| READING scroll labelled PIDOCO MUTITE.
  1944 | D:3      | 1944 ||| DRINKING 2 murky puce potions.
  1980 | D:3      | 1980 ||| DROPPING potion of lignification.
  1985 | D:4      | 1985 ||| PLANNING OSSUARY
  2029 | D:4      | Found a sand-covered staircase.
  2040 | Ossuary  | Entered an ossuary
  2055 | Ossuary  | Reached XP level 4. HP: 16/25 MP: 6/6
  2089 | Ossuary  | Noticed a scorpion
  2101 | Ossuary  | Killed a scorpion
  2102 | Ossuary  | Reached skill level 8 in Ranged Weapons
  2102 | Ossuary  | Reached XP level 5. HP: 21/29 MP: 7/7
  2177 | Ossuary  | Reached skill level 9 in Ranged Weapons
  2184 | Ossuary  | Reached XP level 6. HP: 20/36 MP: 8/8
  2187 | Ossuary  | HP: 8/36 [scorpion zombie (3)]
  2188 | Ossuary  | 2188 ||| READING scroll of teleportation.
  2189 | Ossuary  | 2189 ||| DRINKING potion of heal wounds.
  2260 | Ossuary  | HP: 4/36 [scorpion (6)]
  2262 | Ossuary  | HP: 1/36 [poisoned by a scorpion]
  2264 | Ossuary  | Succumbed to a scorpion's poison

Levels and vault maps discovered:
D:1:      dpeg_arrival_court, layout_loops_ring, hangedman_decor_peaks_small
D:2:      layout_loops_ring, serial_shops, nicolae_shop_real_fake_doors,
          hangedman_glass_garden, minmay_crystal_water, minmay_misc_feat_five,
          serial_bayou_lagoon_a, minmay_tree_intersection
D:3:      layout_basic, grunt_qazlal_sundering, mainiacjoe_overflow_brackets,
          solitary_fountain
D:4:      layout_cave_pods, general_overflow_altar,
          mainiacjoe_overflow_24_doors, temple_doors_ab, enter_ossuary_4,
          uniq_grinder
Ossuary:  ossuary_minmay_scorpions

Skill      XL: |  1  2  3  4  5 |
---------------+----------------+-----
Ranged Weapons | 6 7 8 9 |  9.7
Fighting       | 2 |  2.3
Dodging        | |  2.4
Stealth        | |  1.2

Action                     |  1- 3 |  4- 6 || total
---------------------------+-------+-------++-------
   Fire: Shortbow          |    45 |       ||    45
         Orcbow            |    39 |    48 ||    87
    Use: Scroll            |     5 |     1 ||     6
         Potion            |     3 |     1 ||     4
 Armour: Ring mail         |    12 |    11 ||    23
  Dodge: Dodged            |    14 |    19 ||    33

Table legend:
 A = Non-vault XP
 B = Vault XP
 C = Vault XP percentage of total XP
 D = Non-vault monster count
 E = Vault monster count
 F = Vault count percentage of total count
                 A         B        C        D         E       F
            +---------+---------+-------+---------+---------+-------
      Total |      87 |     408 |  82.4 |      35 |      12 |  25.5
            +---------+---------+-------+---------+---------+-------
        D:1 |      27 |       0 |   0.0 |      14 |       0 |   0.0
        D:2 |      29 |       0 |   0.0 |       9 |       0 |   0.0
        D:3 |      26 |       0 |   0.0 |       9 |       0 |   0.0
        D:4 |       5 |       2 |  28.6 |       3 |       2 |  40.0
    Ossuary |       0 |     406 | 100.0 |       0 |      10 | 100.0
            +---------+---------+-------+---------+---------+-------
